Map: Dreamcatcher LE

Players

JonSnow - Winner!

  • Race: Zerg Zerg
  • Spawn Location: 11:00

Isaac

  • Race: Zerg Zerg
  • Spawn Location: 5:00

Event: WCS Austin 2018

VOD

Have the link to the VOD?

Description

Time

  • Played on: June 1, 2018, 2:43 p.m.
  • Length: 7:36

All games in this series

Show
View Real Time Build Order
Export as new Build Order

JonSnow Zerg - Winner!

Build Orders: Hatch First 

Get SALT Encoding   

  12  0:01  Drone  
  13  0:13  Overlord  
  13  0:17  Drone  
  14  0:31  Drone x2  
  16  0:36  Drone  
  17  0:52  Hatchery  
  17  0:55  Drone  
  17  0:58  Drone  
  18  1:09  Extractor  
  17  1:13  Spawning Pool  
  17  1:17  Drone  
  17  1:20  Drone  
  18  1:28  Drone  
  19  1:39  Drone  
  20  1:49  Overlord  
  20  2:00  Queen  
  22  2:04  Queen, Zergling x4  
  26  2:08  Metabolic Boost  
  26  2:14  Drone  
  27  2:16  Drone  
  27  2:22  Drone  
  29  2:27  Drone  
  30  2:35  Drone  
  31  2:43  Hatchery  
  30  2:47  Baneling Nest  
  30  2:51  Drone x2  
  30  2:56  Overlord  
  31  3:02  Drone  
  31  3:03  Drone  
  32  3:09  Drone x4  
  35  3:14  Overlord  
  35  3:17  Zergling x2  
  35  3:19  Zergling x2  
  37  3:25  Zergling x4  
  39  3:28  Drone  
  39  3:31  Zergling x2  
  41  3:35  Zergling x2  
  41  3:40  Baneling x4  
  41  3:43  Zergling x6  
  41  3:46  Zergling x2  
  45  3:54  Baneling x2  
  44  3:56  Zergling x10  
  45  4:06  Zergling x6  
  47  4:14  Extractor  
  47  4:16  Drone  
  47  4:17  Drone x4  
  49  4:18  Queen  
  49  4:21  Evolution Chamber, Drone  
  53  4:26  Drone  
  55  4:31  Drone x3  
  55  4:38  Overlord, Lair  
  57  4:43  Overlord, Extractor  
  55  4:55  Roach Warren  
  55  4:56  Drone  
  55  4:57  Drone x4  
  58  5:01  Drone x2  
  58  5:02  Drone  
  58  5:04  Drone  
  61  5:07  Zerg Missile Weapons Level 1  
  61  5:10  Drone  
  61  5:13  Overlord  
  62  5:19  Overlord  
  62  5:22  Drone  
  62  5:23  Drone x3  
  62  5:25  Drone  
  62  5:27  Baneling  
  62  5:28  Baneling x2  
  67  5:30  Drone  
  67  5:34  Drone x2  
  70  5:36  Glial Reconstitution  
  70  5:38  Overseer  
  70  5:40  Overlord, Extractor  
  70  5:41  Extractor  
  70  5:42  Drone x2  
  70  5:47  Roach x2  
  74  5:50  Roach  
  74  5:53  Roach  
  74  5:54  Roach  
  74  5:55  Roach  
  80  5:58  Roach  
  80  5:59  Roach  
  80  6:01  Roach  
  86  6:06  Roach x3  
  86  6:11  Roach x2  
  96  6:12  Overlord  
  96  6:15  Overlord  
  96  6:18  Overlord  
  96  6:24  Overlord  
  96  6:26  Roach  
  96  6:30  Overlord  
  98  6:33  Roach x5  
  98  6:37  Roach x2  
  98  6:39  Roach  
  114  6:44  Roach x3  
  120  6:49  Roach x2  
  120  6:50  Roach  
  126  6:56  Roach x3  
  126  7:00  Roach x2  
  136  7:04  Overlord x2  
  135  7:11  Roach  
Show
View Real Time Build Order
Export as new Build Order

Isaac Zerg 

Build Orders: Hatch First 

Get SALT Encoding   

  12  0:01  Drone  
  13  0:12  Overlord  
  13  0:17  Drone  
  14  0:33  Drone x2  
  16  0:39  Drone  
  17  0:54  Hatchery  
  17  0:56  Drone  
  17  0:59  Drone  
  18  1:05  Extractor  
  17  1:16  Spawning Pool  
  16  1:19  Drone  
  16  1:21  Drone  
  18  1:30  Drone  
  19  1:39  Overlord  
  19  1:54  Drone  
  20  2:01  Drone  
  20  2:03  Queen  
  20  2:06  Queen  
  20  2:07  Zergling x2  
  26  2:08  Metabolic Boost  
  26  2:14  Zergling x2  
  27  2:23  Drone  
  27  2:24  Drone  
  29  2:36  Drone x2  
  31  2:44  Hatchery  
  30  2:51  Overlord  
  30  2:52  Drone x2  
  31  3:09  Zergling x6  
  33  3:13  Zergling x4  
  33  3:14  Zergling x4  
  33  3:16  Zergling x6  
  40  3:20  Zergling x2  
  41  3:29  Extractor  
  41  3:31  Roach Warren  
  39  3:37  Overlord  
  39  3:39  Zergling x4  
  41  3:49  Overlord, Drone x3  
  38  4:10  Drone x2, Zergling x4  
  38  4:11  Drone x4  
  43  4:22  Roach  
  43  4:23  Roach x2  
  49  4:28  Evolution Chamber  
  49  4:31  Roach  
  49  4:36  Spine Crawler  
  49  4:37  Roach x2  
  51  4:47  Roach x2  
  51  4:49  Roach x2  
  51  4:50  Roach  
  51  4:51  Zergling x2  
  51  4:52  Zergling x2  
  63  4:57  Roach  
  59  5:02  Roach  
  59  5:12  Drone x6  
  65  5:28  Overlord  
  65  5:29  Lair  
  65  5:32  Drone  
  65  5:33  Overlord  
  66  5:45  Queen  
  68  5:51  Extractor x2  
  68  5:55  Drone x10  
  73  6:06  Overlord x2  
  73  6:07  Drone x2  
  73  6:25  Roach  
  75  6:26  Roach x6  
  87  6:45  Roach x5  
  97  6:47  Overlord  
  97  6:48  Overlord  
  97  6:55  Overlord x2  
  97  6:57  Drone  
  98  7:09  Roach x6  
Tags
 
Add a new tag
Caveats
  • Supply blocks, unpowered buildings, or Contaminate may cause inaccurate times.
  • Supply counts are checked every 10 seconds.